 Dungeon Crawl Stone Soup version 0.31-a0-851-g7ff8af7976 (webtiles) character file.

Game seed: 13141407926365951876

139 AiryTheDragon the Firebug (level 5, -9/39 HPs)
             Began as a Draconian Fire Elementalist on Oct 7, 2023.
             Mangled by a gnoll
             ... wielding a +0 halberd
             ... led by a gnoll bouda
              (14 damage)
             ... on level 3 of the Dungeon.
             The game lasted 00:13:37 (2026 turns).

AiryTheDragon the Firebug (DrFE)                    Turns: 2026, Time: 00:13:41

Health: -9/39      AC:  5    Str: 11    XL:     5   Next: 1%
Magic:  2/8        EV: 12    Int: 15    God:
Gold:   88         SH:  0    Dex: 13    Spells: 2/9 levels left

rFire   . . .        o - +4 hand axe
rCold   . . .        (no shield)
rNeg    . . .        (body armour unavailable)
rPois   .            (helmet restricted)
rElec   .            (no cloak)
rCorr   .            (no gloves)
SInv    .            (no boots)
Will    .....        (no amulet)
Stlth   ++           (no ring)
HPRegen 0.26/turn    (no ring)
MPRegen 0.11/turn

%: no passive effects
@: no status effects
A: AC +5, unfitting armour, cold-blooded
a: no special abilities


You were on level 3 of the Dungeon.
You visited 1 branch of the dungeon, and saw 3 of its levels.

You collected 88 gold pieces.

Inventory:

Hand Weapons
 g - a +0 spear
 o - a +4 hand axe (weapon)
Scrolls
 b - a scroll of teleportation {unknown}
 d - a scroll of revelation {unknown}
 i - 2 scrolls of identify {unknown}
 j - a scroll of enchant armour {unknown}
 m - a scroll of noise {unknown}
Potions
 a - a potion of magic
 c - a potion of might {unknown}
 e - a potion of curing {unknown}
 f - 2 potions of lignification {unknown}
 h - a potion of ambrosia {unknown}
 k - a potion of brilliance {unknown}
 n - a potion of resistance {unknown}


   Skills:
 + Level 0.5 Fighting
 + Level 0.1(0.9) Axes
 + Level 1.6 Polearms
 + Level 2.4 Dodging
 + Level 2.7 Stealth
 + Level 0.2 Unarmed Combat
 + Level 2.5 Spellcasting
 + Level 1.2 Conjurations
 + Level 3.8 Fire Magic


You had 2 spell levels left.
You knew the following spells:

 Your Spells              Type           Power      Damage    Failure   Level
a - Foxfire               Conj/Fire      36%        2x1d5     8%          1
b - Scorch                Fire           26%        2d6       6%          2
c - Flame Wave            Conj/Fire      9%         2d6       58%         4

Your spell library contained the following spells:

 Spells                   Type           Power      Damage    Failure   Level
 Slow                     Hex            4%         N/A       22%         1
 Inner Flame              Hex/Fire       7%         N/A       28%         3
 Volatile Blastmotes      Fire/Tloc      14%        2d11      28%         3
 Confusing Touch          Hex            1%         N/A       54%         3
 Sigil of Binding         Hex            1%         N/A       54%         3
 Vampiric Draining        Necr           1%         2d6       54%         3


Dungeon Overview and Level Annotations

Branches:
Dungeon (3/15)

Altars:


Innate Abilities, Weirdness & Mutations

Your plain brown scales are hard. (AC +5)
You cannot fit into any form of body armour.
You are cold-blooded and may be slowed by cold attacks.


Message History

The hobgoblin shouts!
You hit the hobgoblin.
The hobgoblin is heavily wounded.
The hobgoblin closely misses you.
The gnoll hits you from afar with a +0 halberd.
The hobgoblin hits you but does no damage.
You closely miss the hobgoblin.
The hobgoblin is heavily wounded.
The gnoll hits you but does no damage. The hobgoblin closely misses you.
You closely miss the hobgoblin.
The hobgoblin is heavily wounded.
The gnoll hits you but does no damage. The hobgoblin misses you.
You closely miss the hobgoblin.
The hobgoblin is heavily wounded.
The gnoll is no longer moving quickly.
The gnoll hits you from afar with a +0 halberd.
The hobgoblin hits you. The gnoll misses you.
You completely miss the hobgoblin.
The hobgoblin is heavily wounded.
The hobgoblin hits you but does no damage.
The gnoll closely misses you.
You hit the hobgoblin.
You kill the hobgoblin!
The gnoll is no longer moving quickly.
The gnoll hits you from afar with a +0 halberd!
* * * LOW HITPOINT WARNING * * *
You see here a hobgoblin corpse.
The gnoll attacks as it pursues you! The gnoll barely misses you.
The gnoll attacks as it pursues you! The gnoll misses you.
The gnoll attacks as it pursues you!
The gnoll hits you from afar with a +0 halberd!
* * * LOW HITPOINT WARNING * * *
Casting: Foxfire (safe; 8% risk of failure)
Confirm with . or Enter, or press ? or * to list all spells.
Flames lash the gnoll.
The gnoll is severely wounded.
The gnoll's fire resistance burns away.
You hear a shout!
The gnoll hits you from afar with a +0 halberd!
You die...

#.# ####.#.#
#.#######.#.#
#..g....#.#.#
#..g..g...#.#
#.#####.###.#
#.# #...#.#
#.# ###.#.#
#.#######g#
#.#....@..#
#.#.#######
#.# #.# #<#
###


You could see a gnoll (combustible).

Vanquished Creatures
  A gnoll bouda (D:3)
  Jessica (D:2)
  Terence (D:2)
  2 adders (D:2)
  2 worms (D:2)
  3 dart slugs
  2 bats
  2 endoplasms
  A giant cockroach (D:1)
  2 goblins
  5 hobgoblins
  2 kobolds
  2 quokkas (D:2)
  3 ball pythons
  A frilled lizard (D:1)
  3 rats
33 creatures vanquished.

Vanquished Creatures (others)
  45 foxfires
45 creatures vanquished.

Grand Total: 78 creatures vanquished

Notes
Turn   | Place    | Note
-------+----------+-------------------------------------------
     0 | D:1      | AiryTheDragon the Draconian Fire Elementalist began the
                  | quest for the Orb.
     0 | D:1      | Reached XP level 1. HP: 14/14 MP: 3/3
   221 | D:1      | Reached XP level 2. HP: 19/20 MP: 5/5
   865 | D:2      | Learned a level 2 spell: Scorch
  1013 | D:2      | Reached XP level 3. HP: 26/26 MP: 0/6
  1313 | D:2      | Noticed Jessica
  1319 | D:2      | Killed Jessica
  1320 | D:2      | Reached skill level 1 in Polearms
  1320 | D:2      | Reached XP level 4. HP: 34/34 MP: 2/7
  1719 | D:2      | Noticed Terence
  1734 | D:2      | Killed Terence
  1745 | D:2      | Learned a level 4 spell: Flame Wave
  2000 | D:3      | Reached XP level 5. HP: 39/39 MP: 0/8
  2026 | D:3      | Mangled by a gnoll

Illustrated notes

Levels and vault maps discovered:
D:1:      psy_arrival_radial01, layout_loops_ring
D:2:      minmay_inner_zag, layout_rooms, kennysheep_generic_room_2,
          uniq_jessica, uniq_terence
D:3:      layout_basic, amcnicky_altar_gilded, lemuel_coloured_pillars_altar,
          serial_undead, serial_undead_b, serial_undead_f, serial_undead_d,
          serial_undead_c, shapermc_ecumenical_altar_mp_ritualfount,
          nicolae_grassy_gnolls

Skill      XL: |  1  2  3 |
---------------+----------+-----
Dodging        | 2 |  2.4
Stealth        | 2 |  2.7
Polearms       | 1 |  1.6
Fighting       | |  0.5
Axes           | |  0.1
Unarmed Combat | |  0.2
Spellcasting   | |  2.5
Conjurations   | |  1.2
Fire Magic     | |  3.8

Action                     |  1- 3 |  4- 6 || total
---------------------------+-------+-------++-------
  Melee: Unarmed           |    19 |       ||    19
         Spear             |    45 |     6 ||    51
         Tailslap          |     5 |     1 ||     6
         Punch             |     1 |       ||     1
         Hand axe          |       |     9 ||     9
   Cast: Foxfire           |    19 |     8 ||    27
         Scorch            |     3 |     8 ||    11
    Use: Potion            |       |     1 ||     1
   Stab: Sleeping          |     9 |     2 ||    11
 Armour: Skin              |    32 |    21 ||    53
  Dodge: Dodged            |    26 |    14 ||    40

Table legend: (Time is in decaauts)
 A = Elapsed time spent in this place.
 B = Non-inter-level travel time spent in this place.
 C = Inter-level travel time spent in this place.
 D = Time resting spent in this place.
 E = Time spent auto-exploring this place.
 F = Levels seen in this place.
 G = Mean time per level.
                   A        B        C        D        E       F      G
               +--------+--------+--------+--------+--------+-----+--------+
         Total |   2030 |   1908 |    122 |      0 |   1580 |   3 |  676.7 |
       Dungeon |   2030 |   1908 |    122 |      0 |   1580 |   3 |  676.7 |
               +--------+--------+--------+--------+--------+-----+--------+

Top non-repeatable levels by time:
     D:2: 1139 daAuts
     D:1: 825 daAuts
     D:3: 66 daAuts
